 Dungeon Sprint DCSS version 0.25.1-1-g288607f5aa (webtiles) character file.

Game seed: 15628646966655426108

125 jt the Cleaver (level 5, 7/41 HPs)
             Began as a Formicid Fighter on July 26, 2020.
             Got out of the dungeon alive.
             The game lasted 00:00:22 (22 turns).

jt the Cleaver (Formicid Fighter)                     Turns: 22, Time: 00:00:22

Health: 7/41       AC:  6    Str: 21 (22) XL:     5   Next: 30%
Magic:  4/4        EV:  7    Int:  7      God:
Gold:   0          SH:  9    Dex: 10      Spells: 4/4 levels left

rFire    . . .     SeeInvis +   a - +0 war axe
rCold    . . .     Gourm    .   c - +0 kite shield
rNeg     . . .     Faith    .   b - +0 scale mail
rPois    .         Spirit   .   (helmet unavailable)
rElec    .         Reflect  .   (no cloak)
rCorr    .         Harm     .   (no gloves)
MR       .....                  (no boots)
Stlth    ..........             (no amulet)
HPRegen  0.13/turn              (no ring)
MPRegen  0.09/turn              (no ring)

@: mighty
A: permanent stasis, dig shafts and tunnels, four strong arms, antennae 3,
hooves 1, deterioration 1, low mp 1, no potion heal 1
a: Dig


You escaped.
You were not hungry.

You visited 1 branch

Inventory:

Hand Weapons
 a - a +0 war axe (weapon)
Armour
 b - a +0 scale mail (worn)
 c - a +0 kite shield (worn)
Scrolls
 k - a scroll of blinking
Potions
 h - a potion of haste
 i - 2 potions of magic
 j - a potion of berserk rage
Comestibles
 f - a ration


   Skills:
 - Level 3.2 Fighting
 + Level 9.8 Axes
 - Level 3.2 Armour
 - Level 3.6 Shields


You had 4 spell levels left.
You didn't know any spells.
Your spell library was empty.

Dungeon Overview and Level Annotations

Branches:
Dungeon (1/1)

Altars:


Innate Abilities, Weirdness & Mutations

You cannot be hasted, slowed, berserked, paralysed or teleported.
You can dig through walls and to a lower floor.
Your four strong arms can wield two-handed weapons with a shield.
You have a pair of large antennae on your head. (SInv)
You have large cloven feet.
Your body sometimes deteriorates upon taking damage.
Your magical capacity is low. (-10% MP)
Potions are less effective at restoring your health.


Message History

You feel your intelligence returning.
You feel your dexterity returning.
Your Axes skill gained 7 levels and is now at level 9!
You have reached level 2!
You have reached level 3!
Your experience leads to an increase in your attributes!
Increase (S)trength, (I)ntelligence, or (D)exterity?
You feel stronger.
You have reached level 4!
You feel stronger.
You have reached level 5!
The neqoxec hits you.
* * * LOW HITPOINT WARNING * * *
Your body deteriorates!
You feel weakened.
The crimson imp shouts!
The neqoxec gestures at you.
Strange energies course through your body.
Your feet thicken and deform.
There is a staircase leading out of the dungeon here.
Are you sure you want to leave the Dungeon?
This will make you lose the game!
You have escaped!

{ { {
#+# {
{
##.##
{
+.@.+
##3##
{ #'#
{
##5#
#.#
{{##
{ { {


You could see a neqoxec and a crimson imp (summoned).

Vanquished Creatures
  A neqoxec (D)
1 creature vanquished.

Notes
Turn   | Place    | Note
-------+----------+-------------------------------------------
     0 | D        | jt the Formicid Fighter began the quest for the Orb.
     0 | D        | Reached XP level 1. HP: 18/18 MP: 1/1
     1 | D        | Noticed a neqoxec
     4 | D        | Noticed a neqoxec
     4 | D        | Gained mutation: Potions are less effective at restoring
                  | your health. [a neqoxec]
     6 | D        | Gained mutation: Your body sometimes deteriorates upon
                  | taking damage. [a neqoxec]
    12 | D        | Noticed an iron imp
    13 | D        | Gained mutation: Your magical capacity is low. (-10% MP) [a
                  | neqoxec]
    18 | D        | Killed a neqoxec
    18 | D        | Reached skill level 9 in Axes
    18 | D        | Reached XP level 2. HP: 7/24 MP: 1/1
    18 | D        | Reached XP level 3. HP: 8/29 MP: 2/2
    18 | D        | Reached XP level 4. HP: 10/35 MP: 3/3
    18 | D        | Reached XP level 5. HP: 12/41 MP: 4/4
    19 | D        | Gained mutation: You have large cloven feet. [a neqoxec]
    22 | D        | Got out of the dungeon alive.

Illustrated notes

Levels and vault maps discovered:
D:        the_violet_keep_of_menkaure [sprint2_stairs_cluster_1,
          sprint2_shoproom, sprint2_temple, sprint2_basic_supplies,
          sprint2_obstacle_1, sprint2_obstacle_3, sprint2_obstacle_7,
          sprint2_obstacle_5, sprint2_obstacle_6, sprint2_timed_cluster_1,
          sprint2_smallroom_cluster_1, sprint2_smallroom_final_cluster_1,
          sprint2_transparent_cluster_1, sprint2_second_timed_cluster_1,
          sprint2_sniper_area_1, sprint2_heavy_combat_area_1,
          sprint2_mutation_trap_area_1, sprint2_forest_area_1,
          sprint2_light_combat_area_1, sprint2_behind_water_1,
          sprint2_near_end_vault_1]

Skill      XL: |  1 |
---------------+----+-----
Axes           | 9 |  9.8
Fighting       | |  3.2
Armour         | |  3.2
Shields        | |  3.6

Action                   |  1- 3 |  4- 6 || total
-------------------------+-------+-------++-------
Melee: War axe           |    13 |       ||    13
  Use: Potion            |     3 |       ||     3
Armor: Scale mail        |     5 |       ||     5
Dodge: Dodged            |     4 |       ||     4
